 Dungeon Crawl Stone Soup version 0.18.1-50-g88ac8fd (webtiles) character file.

6039 Nordron the Transmogrifier (level 10, -5/87 HPs)
             Began as a Naga Transmuter on Sept 29, 2016.
             Was a Priest of Cheibriados.
             Slain by an orc warrior
             ... wielding a +0 dire flail
              (14 damage)
             ... on level 9 of the Dungeon.
             The game lasted 01:22:35 (12253 turns).

Nordron the Transmogrifier (Naga Transmuter)       Turns: 12253, Time: 01:22:36

Health: -5/87      AC:  7    Str: 18    XL:     10   Next: 86%
Magic:  5/16       EV: 21    Int: 25    God:    Cheibriados [***...]
Gold:   338        SH:  0    Dex: 26    Spells: 4 memorised, 4 levels left

rFire  . . .     SeeInvis +       - Unarmed
rCold  . . .     Gourm    .     s - +2 robe {MR+}
rNeg   . . .     Faith    .     (shield currently unavailable)
rPois  +         Spirit   .     (no helmet)
rElec  .         Dismiss  .     x - +0 cloak
rCorr  .         Reflect  .     (gloves currently unavailable)
SustAt .         Harm     .     (no barding)
MR     ++...                    (no amulet)
Stlth  +++.......               T - +3 ring of evasion
                                m - ring of wizardry

@: brilliant, agile, about to teleport, blade hands, very slow, very resistant
to hostile enchantments, fairly stealthy
A: see invisible, deformed body, poison resistance, slowness 2, slow metabolism
1, spit poison 2, AC +3
a: Spit Poison, End Transformation, Bend Time, Temporal Distortion, Renounce
Religion


You were on level 9 of the Dungeon.
You worshipped Cheibriados.
Cheibriados was most pleased with you.
You were very hungry.
You had blades for hands.
You visited 2 branches of the dungeon, and saw 10 of its levels.

You collected 338 gold pieces.

Inventory:

Hand Weapons
 g - a +1 rapier of venom
 u - a +1 mace of protection (melded)
 D - a +2 dagger of venom
 I - a +2 longbow of evasion
 N - a +2 whip of flaming
 S - a +2 hand axe of electrocution
Missiles
 a - 200 arrows
Armour
 s - a +2 robe of magic resistance (worn)
 x - a +0 cloak (worn)
Jewellery
 f - an uncursed ring of flight
 h - an uncursed amulet of harm
 m - a ring of wizardry (left scythe-like blade)
 q - an uncursed ring of magical power
 T - a +3 ring of evasion (right scythe-like blade)
Wands
 y - a wand of flame (28/48)
 P - a wand of lightning (3/15)
Scrolls
 k - 2 scrolls of identify
 o - a scroll of teleportation
 p - a scroll of enchant weapon {unknown}
 r - a scroll of immolation {unknown}
 E - a scroll of recharging {unknown}
 G - a scroll of magic mapping {unknown}
 J - 2 scrolls of fog {unknown}
 K - a scroll of blinking {unknown}
 Q - a scroll of amnesia {unknown}
 V - a scroll of brand weapon {unknown}
 W - a scroll of remove curse
Potions
 e - 2 potions of agility
 j - a potion of degeneration {unknown}
 n - 2 potions of flight
 t - 2 potions of brilliance
 v - a potion of cancellation {unknown}
 w - a potion of haste {unknown}
 A - a potion of cure mutation {unknown}
 C - 2 potions of curing
 L - 2 potions of lignification {unknown}
 M - 2 potions of might {unknown}
 U - a potion of resistance {unknown}
Books
 c - a book of Changes

   Spells                             Type                      Level
   a - Beastly Appendage              Transmutation                1
   b - Sticks to Snakes               Transmutation                2
   c - Spider Form                    Transmutation/Poison         3
   d - Ice Form                       Ice/Transmutation            4
   e - Blade Hands                    Transmutation                5
 B - a book of Party Tricks

   Spells                             Type                      Level
   a - Summon Butterflies             Summoning                    1
   b - Apportation                    Translocation                1
   c - Tukima's Dance                 Hexes                        3
   d - Alistair's Intoxication        Transmutation/Poison         5
   e - Invisibility                   Hexes                        6
 F - a book of Unlife

   Spells                             Type                      Level
   a - Recall                         Summoning/Translocation      3
   b - Animate Dead                   Necromancy                   4
   c - Control Undead                 Necromancy                   4
   d - Cigotuvi's Embrace             Necromancy                   5
   e - Death Channel                  Necromancy                   6
   f - Simulacrum                     Ice/Necromancy               6
Comestibles
 d - 2 bread rations
 i - 3 slices of pizza
 z - 4 beef jerkies
 H - 2 fruits


   Skills:
 + Level 4.6 Fighting
 + Level 3.0 Armour
 + Level 3.9 Dodging
 * Level 5.5 Unarmed Combat
 + Level 4.1 Spellcasting
 + Level 12.4 Transmutations
 + Level 2.1 Invocations


You had 4 spell levels left.
You knew the following spells:

 Your Spells              Type           Power        Failure   Level  Hunger
a - Beastly Appendage     Trmt           ######       1%          1    None
b - Spider Form           Trmt/Pois      ######....   2%          3    ##.....
c - Blade Hands           Trmt           ######....   2%          5    #####..
d - Ice Form              Ice/Trmt       ######..     6%          4    ####...


Dungeon Overview and Level Annotations

Branches:
Dungeon (9/15)             Temple (1/1) D:7
   Lair: D:8-11         Orc: D:9-12

Altars:
Ashenzari
Cheibriados
Dithmenos
Elyvilon
Gozag
Kikubaaqudgha
Makhleb
Nemelex Xobeh
Okawaru
Pakellas
Ru
Sif Muna
Trog
Vehumet
Xom
Yredelemnul
Zin
The Shining One

Shops:
D:8 =


Innate Abilities, Weirdness & Mutations

You cannot wear boots.
Your serpentine skin is tough (AC +3).
You have supernaturally acute eyesight.
Armour fits poorly on your strangely shaped body.
Your system is resistant to poisons.
You cover ground very slowly.
You have a slow metabolism.
You can spit poison.


Message History

You feel strangely unstable.
The orc priest shouts!
An orc priest and an orc wizard come into view.
Casting: Blade Hands
Confirm with . or Enter, or press ? or * to list all spells.
Your hands turn into razor-sharp scythe blades.
Your +1 mace of protection melds into your body.
You feel less protected.
The orc shouts!
The orc priest shouts!
The orc wizard shouts!
The howler monkey howls!
You are feeling very hungry.
The orc hits you with a mace.
* * * LOW HITPOINT WARNING * * *
An orc priest comes into view. It is wielding a club.
The orc priest shouts!
You hit the orc warrior but do no damage.
The orc priest miscasts a cantrip.
The orc completely misses you.
The orc warrior hits you with a dire flail!
You die...

...##.. #...
...o..............o##...
....o..............h†...
..o....o......##...)....
...h......... #...Z...#
)ho.h................#
.oh..o# ...........#
#.o..##...........#
#o@...............#
.......................#
######...............(..
#.................#
#......... #.........
####....%. ......


You could see 2 orc warriors, 4 howler monkeys, 3 orc priests, 2 orc wizards and
2 orcs.

Vanquished Creatures
  The ghost of Ponchio the Nimble, a journeyman GrFi of Qazlal (D:9)
  The ghost of Quirk the Fighter, a novice MiFi (D:7)
  Pikel (D:8)
  The ghost of Wanze the Poker, a novice DsGl of Qazlal (D:6)
  The ghost of Nordron the Changer, an amateur NaTm (D:4)
  A wyvern (D:7)
  Eustachio (D:6)
  A hungry ghost (D:7)
  2 slaves (D:8)
  3 ice beasts
  4 sky beasts
  2 phantoms
  2 ogres
  4 centaurs
  2 big kobolds
  4 giant frogs
  5 killer bees (D:7)
  3 howler monkeys
  2 crimson imps
  3 quasits
  5 hounds
  A jelly (D:8)
  Crazy Yiuf (D:3)
  7 orc priests
  5 orc wizards
  2 giant frog skeletons
  3 iguanas
  A worker ant (D:4)
  15 gnolls
  13 adders
  2 shadow imps
  An ooze (D:2)
  2 adder skeletons
  A worm (D:7)
  5 dart slugs
  7 giant geckos
  31 orcs
  3 giant cockroaches
  8 goblins
  4 hobgoblins
  18 jackals
  6 quokkas
  13 bats
  3 giant gecko skeletons
  A giant newt (D:1)
  A jackal zombie (D:8)
  9 kobolds
  2 quokka skeletons
  7 rats
221 creatures vanquished.

Vanquished Creatures (others)
  An orc warrior (D:6)
  A slave (D:8)
  A phantom (D:8)
  An orc wizard (D:8)
4 creatures vanquished.

Grand Total: 225 creatures vanquished

Notes
Turn   | Place    | Note
--------------------------------------------------------------
     0 | D:1      | Nordron the Naga Transmuter began the quest for the Orb.
     0 | D:1      | Reached XP level 1. HP: 18/18 MP: 3/3
   288 | D:1      | Reached XP level 2. HP: 19/25 MP: 1/5
   357 | D:1      | Reached skill level 3 in Transmutations
   595 | D:1      | Reached XP level 3. HP: 27/31 MP: 4/6
   604 | D:1      | Learned a level 3 spell: Spider Form
  1444 | D:2      | Reached skill level 4 in Transmutations
  1481 | D:2      | Reached XP level 4. HP: 14/38 MP: 7/7
  3338 | D:3      | Reached skill level 5 in Transmutations
  3352 | D:3      | Noticed a sky beast
  3355 | D:3      | Killed a sky beast
  3355 | D:3      | Reached XP level 5. HP: 44/44 MP: 8/8
  3428 | D:3      | Noticed Crazy Yiuf
  3436 | D:3      | Killed Crazy Yiuf
  3436 | D:3      | Reached skill level 6 in Transmutations
  3436 | D:3      | Reached XP level 6. HP: 26/51 MP: 9/9
  4679 | D:3      | Found an oddly glowing altar of Pakellas.
  4868 | D:3      | Learned a level 5 spell: Blade Hands
  4995 | D:4      | Reached skill level 7 in Transmutations
  5038 | D:4      | Noticed a phantom
  5078 | D:4      | Reached XP level 7. HP: 53/57 MP: 10/10
  5189 | D:4      | Noticed Nordron's ghost (amateur NaTm)
  5421 | D:4      | Killed Nordron's ghost
  5421 | D:4      | Reached skill level 8 in Transmutations
  6093 | D:5      | Entered Level 5 of the Dungeon
  6211 | D:5      | Reached skill level 9 in Transmutations
  6211 | D:5      | Reached XP level 8. HP: 50/64 MP: 11/11
  6556 | D:5      | Found an ancient bone altar of Kikubaaqudgha.
  6915 | D:5      | Reached skill level 10 in Transmutations
  7653 | D:6      | Reached skill level 11 in Transmutations
  7690 | D:6      | Noticed Wanze's ghost (novice DsGl)
  7717 | D:6      | Reached XP level 9. HP: 31/70 MP: 12/12
  7911 | D:6      | Noticed Eustachio
  7924 | D:6      | Killed Eustachio
  9049 | D:6      | Killed Wanze's ghost
  9049 | D:6      | Reached skill level 1 in Armour
  9439 | D:7      | Found a staircase to the Ecumenical Temple.
  9457 | Temple   | Entered the Ecumenical Temple
  9464 | Temple   | Became a worshipper of Cheibriados the Contemplative
  9486 | D:7      | Found a shimmering altar of Xom.
  9578 | D:7      | Noticed Quirk's ghost (novice MiFi)
  9648 | D:7      | Killed Quirk's ghost
  9648 | D:7      | Reached skill level 12 in Transmutations
  9648 | D:7      | Reached XP level 10. HP: 10/84 MP: 15/15
 10005 | D:7      | Reached * piety under Cheibriados
 10454 | D:7      | Found a sacrificial altar of Ru.
 10458 | D:7      | Found a shadowy altar of Dithmenos.
 10458 | D:7      | Found a glowing golden altar of the Shining One.
 10458 | D:7      | Found an iron altar of Okawaru.
 10462 | D:7      | Found a shimmering altar of Xom.
 10567 | D:7      | Learned a level 4 spell: Ice Form
 11107 | D:8      | Noticed Pikel
 11122 | D:8      | Killed Pikel
 11122 | D:8      | Reached ** piety under Cheibriados
 11122 | D:8      | Reached skill level 5 in Unarmed Combat
 11122 | D:8      | Reached skill level 1 in Invocations
 11164 | D:8      | Found Timuew's Jewellery Emporium.
 12215 | D:9      | Noticed Ponchio's ghost (journeyman GrFi)
 12234 | D:9      | Killed Ponchio's ghost
 12243 | D:9      | Reached *** piety under Cheibriados
 12253 | D:9      | Slain by an orc warrior

Skill      XL: |  1  2  3  4  5  6  7  8  9 10 |
---------------+-------------------------------+-----
Transmutations | 3 4 5 6 7 9 11 12 | 12.4
Fighting       | 3 4 |  4.6
Armour         | 2 3 |  3.0
Dodging        | 2 3 |  3.9
Spellcasting   | 3 4 |  4.1
Unarmed Combat | 4 5 |  5.5
Invocations    | 2 |  2.1

Action                   |  1- 3 |  4- 6 |  7- 9 | 10-12 || total
-------------------------+-------+-------+-------+-------++-------
Melee: Short sword       |    46 |       |       |       ||    46
       Unarmed           |     6 |       |    61 |    98 ||   165
       Headbutt          |    13 |    27 |    52 |    28 ||   120
       Spear             |    45 |    96 |       |       ||   141
       Punch             |     1 |     1 |     2 |     3 ||     7
       Mace              |       |   121 |   329 |   119 ||   569
 Cast: Beastly Appendage |    25 |    35 |    45 |    14 ||   119
       Blade Hands       |       |       |     5 |     9 ||    14
       Spider Form       |       |       |     1 |     3 ||     4
 Abil: Spit Poison       |     1 |    25 |    39 |     4 ||    69
  Use: Scroll            |       |       |     8 |     4 ||    12
       Potion            |       |       |     1 |     3 ||     4
  Eat: Chunk             |     2 |    11 |    13 |     4 ||    30
       Bread ration      |       |       |     1 |     1 ||     2
Armor: Robe              |    19 |   103 |   211 |    99 ||   432
Dodge: Dodged            |    54 |   125 |   267 |   187 ||   633
